 Dungeon Crawl Stone Soup version 0.25-a0-561-g0977b4d109 (webtiles) character file.

Game seed: 13479970157655449155, levelgen mode: deterministic

74 Flugslaktarn the Covered (level 4, -1/40 HPs)
             Began as a Minotaur Fighter on Feb 25, 2020.
             Slain by a gnoll
             ... wielding a +0 spear
              (6 damage)
             ... on level 3 of the Dungeon.
             The game lasted 00:00:23 (475 turns).

Flugslaktarn the Covered (Minotaur Fighter)          Turns: 475, Time: 00:00:24

Health: -1/40      AC:  9    Str: 21    XL:     4   Next: 9%
Magic:  3/3        EV:  5    Int:  5    God:
Gold:   14         SH:  9    Dex: 10    Spells: 3/3 levels left

rFire    . . .     SeeInvis .   a - +0 war axe
rCold    . . .     Gourm    .   c - +0 kite shield
rNeg     . . .     Faith    .   k - +0 chain mail
rPois    .         Spirit   .   (helmet restricted)
rElec    .         Reflect  .   (no cloak)
rCorr    .         Harm     .   (no gloves)
MR       .....                  (no boots)
Stlth    ..........             (no amulet)
HPRegen  0.13/turn              (no ring)
MPRegen  0.08/turn              (no ring)

@: no status effects
A: retaliatory headbutt, horns 2
a: no special abilities


You were on level 3 of the Dungeon.
You were not hungry.

You visited 1 branch of the dungeon, and saw 3 of its levels.

You collected 14 gold pieces.

Inventory:

Hand Weapons
 a - a +0 war axe (weapon)
Armour
 b - a +0 scale mail
 c - a +0 kite shield (worn)
 k - a +0 chain mail (worn)
   (You found it on level 1 of the Dungeon)
Jewellery
 l - an uncursed ring of wizardry {unknown}
   (You found it on level 2 of the Dungeon)
Scrolls
 h - a scroll of blinking {unknown}
 i - a scroll of enchant armour {unknown}
 j - a scroll of teleportation {unknown}
 n - a scroll of random uselessness {unknown}
 o - a scroll of immolation {unknown}
Potions
 d - a potion of might
 f - 2 potions of lignification {unknown}
 m - a potion of ambrosia {unknown}
Comestibles
 e - a ration
 g - 3 chunks of flesh


   Skills:
 + Level 4.2 Fighting
 * Level 3.8 Axes
 + Level 4.2 Armour
 + Level 4.2 Shields


You had 3 spell levels left.
You didn't know any spells.
Your spell library was empty.

Dungeon Overview and Level Annotations

Branches:
Dungeon (3/15)

Altars:
Wu Jian


Innate Abilities, Weirdness & Mutations

You reflexively headbutt those who attack you in melee.
You have a pair of horns on your head.


Message History

You are too injured to fight recklessly!
You are too injured to fight recklessly!
Unknown command.
You barely miss the gnoll.
The gnoll is moderately wounded.
You block the gnoll's attack. The gnoll hits you but does no damage.
You hit the gnoll.
The gnoll is moderately wounded.
The gnoll closely misses you.
The gnoll hits you from afar with a +0 spear.
* * * LOW HITPOINT WARNING * * *
You block the gnoll's attack.
The gnoll hits you with a cursed -2 halberd.
* * * LOW HITPOINT WARNING * * *
You slash the gnoll!
You kill the gnoll!
You have reached level 4!
You feel agile.
The gnoll hits you from afar with a +0 spear.
You die...

..#####.####
.........#
##.####..# ##
####..# .
..#..# #.
#.#..#
#####.##.#..#
............#
#.....@...##
...#####>###
#......g#
#.#####..
#.## #.# #.#
#.# ..#


You could see a gnoll.

Vanquished Creatures
  4 gnolls
  A dart slug (D:1)
  2 leopard geckos
  2 bats (D:1)
  3 giant cockroaches
  3 goblins (D:1)
  4 hobgoblins
  3 jackals (D:1)
  2 kobolds (D:1)
  A ball python (D:1)
  2 frilled lizards (D:2)
  2 rats (D:1)
29 creatures vanquished.

Notes
Turn   | Place    | Note
-------+----------+-------------------------------------------
     0 | D:1      | Flugslaktarn the Minotaur Fighter began the quest for the
                  | Orb.
     0 | D:1      | Reached XP level 1. HP: 19/19 MP: 0/0
    34 | D:1      | Reached XP level 2. HP: 20/27 MP: 1/1
    41 | D:1      | Reached XP level 3. HP: 18/33 MP: 2/2
   401 | D:2      | Found an ornate altar of the Wu Jian Council.
   475 | D:3      | Reached XP level 4. HP: 4/40 MP: 3/3
   475 | D:3      | Slain by a gnoll

Levels and vault maps discovered:
D:1:      evilmike_arrival_home_sweet_home, layout_basic,
          chequers_serial_rivers_micro_c
D:2:      minmay_chambers_of_ones, layout_loops_ring, tgw_trog,
          overflow_temple_1_default, marbit_many_paths,
          kennysheep_big_empty_room, uniq_crazy_yiuf_cottage
D:3:      layout_loops_cross, nicolae_qazlal_general_emergency,
          gammafunk_ghost_necromancy, first_ration, serial_park_tiny_pond,
          minmay_misc_feat_square, minmay_checkerbox, uniq_grinder

Skill      XL: |  1  2  3 |
---------------+----------+-----
Axes           | 3 |  3.8
Fighting       | 4 |  4.2
Shields        | 4 |  4.2
Armour         | 4 |  4.2

Action                   |  1- 3 |  4- 6 || total
-------------------------+-------+-------++-------
Melee: War axe           |    46 |       ||    46
       Headbutt          |     7 |       ||     7
Armor: Scale mail        |    23 |       ||    23
       Chain mail        |    12 |       ||    12
Dodge: Dodged            |    13 |       ||    13
Block: Kite shield       |    36 |       ||    36

Table legend:
 A = Non-vault XP
 B = Vault XP
 C = Vault XP percentage of total XP
 D = Non-vault monster count
 E = Vault monster count
 F = Vault count percentage of total count
                 A         B        C        D         E       F
            +---------+---------+-------+---------+---------+-------
      Total |     105 |       1 |   0.9 |      28 |       1 |   3.4
            +---------+---------+-------+---------+---------+-------
        D:1 |      69 |       0 |   0.0 |      22 |       0 |   0.0
        D:2 |       8 |       1 |  11.1 |       4 |       1 |  20.0
        D:3 |      28 |       0 |   0.0 |       2 |       0 |   0.0
            +---------+---------+-------+---------+---------+-------
